 Dungeon Crawl Stone Soup version 0.32-a0-909-gc671339a80 (webtiles) character file.

Game seed: 3528161955563251871

42 Biggs the Shooter (level 3, 0/27 HPs)
             Began as a Coglin Hunter on Apr 7, 2024.
             Killed from afar by Sigmund (1 damage)
             ... with a magic dart
             ... on level 3 of the Dungeon.
             The game lasted 00:01:43 (1215 turns).

Biggs the Shooter (Coglin Hunter)                   Turns: 1215, Time: 00:01:44

Health: 0/27       AC:  8    Str: 11    XL:     3   Next: 56%
Magic:  3/3        EV: 11    Int:  8    God:
Gold:   64         SH:  0    Dex: 19    Spells: 2/2 levels left

rFire   . . .        a - +2 sling {Teicuih}
rCold   . . .        d - +0 sling {Latda}
rNeg    . . .        c - +0 leather armour
rPois   .            m - +2 helmet
rElec   .            e - +1 cloak
rCorr   .            (no gloves)
SInv    .            (no boots)
Will    .....        (amulet unavailable)
Stlth   ++           (ring unavailable)
HPRegen 0.24/turn    (ring unavailable)
MPRegen 0.08/turn    (no gizmo)

%: no passive effects
@: revving
A: off-hand wielding, slow wielding, warmup strikes, no jewellery
a: Invent Gizmo


You were on level 3 of the Dungeon.
You visited 1 branch of the dungeon, and saw 3 of its levels.

You collected 64 gold pieces.

Inventory:

Hand Weapons
 a - a +2 sling (weapon) {Teicuih}
 d - a +0 sling (offhand) {Latda}
Armour
 c - a +0 leather armour (worn)
 e - a +1 cloak (worn)
 m - a +2 helmet (worn)
Wands
 n - a wand of mindburst (20)
Scrolls
 b - a scroll of butterflies
 f - 4 scrolls of identify {unknown}
 h - a scroll of enchant armour {unknown}
 k - a scroll of immolation {unknown}
 l - a scroll of vulnerability {unknown}
Potions
 g - 2 potions of heal wounds {unknown}
 i - a potion of might {unknown}
 j - a potion of brilliance {unknown}


   Skills:
 - Level 2.0 Fighting
 + Level 4.7 Ranged Weapons
 - Level 1.7 Dodging
 - Level 0.7 Stealth


You had 2 spell levels left.
You didn't know any spells.
Your spell library contained the following spells:

 Spells                   Type           Power      Damage    Failure   Level
 Call Imp                 Summ           0%         N/A       65%         2
 Sublimation of Blood     Necr           0%         N/A       65%         2
 Summon Hydra             Summ           0%         N/A       100%        7


Dungeon Overview and Level Annotations

Branches:
Dungeon (3/15)

Altars:
Wu Jian

Annotations:
D:3 Sigmund


Innate Abilities, Weirdness & Mutations

You can wield a second weapon in your off-hand.
It takes a long time for you to wield or remove held weapons.
Your first few attacks do less damage.
You cannot equip rings or amulets.


Message History

Sigmund is heavily wounded.
Sigmund casts a spell at you. The magic dart hits you!
Unknown command.
You shoot a sling bullet.
The sling bullet hits Sigmund but does no damage.
Sigmund is heavily wounded.
You shoot a sling bullet. The sling bullet hits Sigmund.
Sigmund is severely wounded.
Unknown command.
Unknown command.
You shoot a sling bullet.
The sling bullet hits Sigmund but does no damage.
Sigmund is severely wounded.
You shoot a sling bullet.
The sling bullet hits Sigmund but does no damage.
Sigmund is severely wounded.
Sigmund gestures wildly while chanting.
Sigmund flickers and vanishes!
Deactivating autopickup; reactivate with Ctrl-A.
No target in view!
No target in view!
Unknown command.
Unknown command.
No target in view!
There is a strange disturbance nearby!
Fire: a) +2 sling {Teicuih}
Press: ? - help, Q - select action, (/) - cycle Shift-Dir - straight line You shoot a sling bullet. x2
Something hits you!
Unknown command.
Something hits you.
* * * LOW HITPOINT WARNING * * *
You shoot a sling bullet. x2; Something hits you!
* * * LOW HITPOINT WARNING * * *
You shoot a sling bullet. x2
You hear some strange, mumbled words.
A magic dart appears from out of thin air!
The magic dart hits you.
You die...

..## ##.... .#
...##.... #.#
.. .......##..#
...#..........#
...#(..........
.#...(........#
.......{......#
#...@......#
####.....######
........##
#..#....#
...#....###
..........#
#.#...#.#......
......#.######.
##....#.#


There were no monsters in sight!

Vanquished Creatures
  An adder (D:2)
  2 dart slugs (D:1)
  4 bats
  2 endoplasms (D:2)
  3 giant cockroaches
  2 hobgoblins
  A quokka (D:1)
  2 ball pythons
  2 frilled lizards
  4 kobolds
  7 rats
30 creatures vanquished.

Notes
Turn   | Place    | Note
-------+----------+-------------------------------------------
     0 | D:1      | Biggs the Coglin Hunter began the quest for the Orb.
     0 | D:1      | Reached XP level 1. HP: 16/16 MP: 1/1
   124 | D:1      | Reached skill level 4 in Ranged Weapons
   124 | D:1      | Reached XP level 2. HP: 22/22 MP: 2/2
   693 | D:2      | Reached XP level 3. HP: 27/27 MP: 3/3
  1135 | D:2      | Found an ornate altar of the Wu Jian Council.
  1206 | D:3      | Noticed Sigmund
  1214 | D:3      | HP: 1/27 [something (8)]
  1215 | D:3      | Killed from afar by Sigmund

Illustrated notes

Levels and vault maps discovered:
D:1:      wander_arrival_chamber, layout_loops_ring, item_on_display_a
D:2:      layout_rooms, basic_altar
D:3:      layout_rooms, nicolae_sif_muna_condensation,
          nicolae_overflow_hallway_of_the_gods, uniq_crazy_yiuf_cottage,
          uniq_sigmund

Skill      XL: |  1 |
---------------+----+-----
Ranged Weapons | 4 |  4.7
Fighting       | |  2.0
Dodging        | |  1.7
Stealth        | |  0.7

Action                     || total
---------------------------++-------
   Fire: Sling             ||   142
 Armour: Leather armour    ||    15
  Dodge: Dodged            ||    10

Table legend: (Time is in decaauts)
 A = Elapsed time spent in this place.
 B = Non-inter-level travel time spent in this place.
 C = Inter-level travel time spent in this place.
 D = Time resting spent in this place.
 E = Time spent auto-exploring this place.
 F = Levels seen in this place.
 G = Mean time per level.
                   A        B        C        D        E       F      G
               +--------+--------+--------+--------+--------+-----+--------+
         Total |   1230 |   1157 |     73 |      0 |    978 |   3 |  410.0 |
       Dungeon |   1230 |   1157 |     73 |      0 |    978 |   3 |  410.0 |
               +--------+--------+--------+--------+--------+-----+--------+

Top non-repeatable levels by time:
     D:1: 647 daAuts
     D:2: 549 daAuts
     D:3: 34 daAuts
